Map: Pillars of Gold LE

Players

ieLLiMo - Winner!

  • Race: Protoss Protoss
  • League: Master
  • Spawn Location: 7:00

Haffey

  • Race: Terran Terran
  • League: Master
  • Spawn Location: 1:00

VOD

Have the link to the VOD?

Description

Time

  • Played on: Aug. 26, 2020, 11:15 p.m.
  • Length: 9:07
Show
View Real Time Build Order
Export as new Build Order

ieLLiMo Protoss - Winner!

Build Orders: 1 Gate Expand, Carrier Rush 

Get SALT Encoding   

  12  0:00  Probe  
  13  0:12  Probe  
  14  0:18  Pylon  
  14  0:24  Probe  
  15  0:36  Gateway  
  15  0:39  Probe (Chrono Boost)  
  17  0:50  Probe (Chrono Boost)  
  17  0:55  Probe (Chrono Boost)  
  18  1:05  Assimilator  
  18  1:06  Probe  
  19  1:18  Probe  
  20  1:26  Nexus  
  20  1:39  Cybernetics Core  
  20  1:40  Probe  
  21  1:52  Probe  
  22  1:58  Assimilator  
  22  2:04  Probe  
  23  2:11  Pylon  
  23  2:22  Stalker  
  23  2:29  Probe (Chrono Boost)  
  26  2:30  Warp Gate  
  26  2:41  Probe x2 (Chrono Boost)  
  28  2:49  Probe x2 (Chrono Boost)  
  30  2:53  Stargate  
  30  2:54  Probe (Chrono Boost)  
  30  2:55  Probe  
  32  2:59  Adept  
  34  3:06  Probe  
  34  3:08  Probe (Chrono Boost)  
  36  3:14  Assimilator  
  36  3:18  Probe (Chrono Boost)  
  36  3:19  Assimilator  
  38  3:25  Probe (Chrono Boost)  
  39  3:27  Probe (Chrono Boost), Pylon  
  39  3:29  Adept  
  39  3:32  Probe x2 (Chrono Boost)  
  43  3:43  Probe  
  43  3:44  Probe  
  44  3:50  Fleet Beacon  
  44  3:55  Probe  
  44  3:56  Probe  
  44  4:02  Stargate  
  46  4:08  Probe  
  47  4:13  Probe  
  48  4:20  Probe  
  49  4:25  Probe  
  49  4:28  Twilight Council  
  50  4:32  Gateway x2  
  50  4:35  Pylon  
  50  4:37  Pylon  
  50  4:39  Pylon  
  50  4:52  Carrier (Chrono Boost)  
  50  4:56  Pylon  
  56  5:04  Carrier (Chrono Boost)  
  56  5:11  Probe x2, Pylon  
  64  5:17  Pylon  
  64  5:18  Resonating Glaives  
  64  5:21  Gateway  
  64  5:43  Carrier (Chrono Boost)  
  64  5:44  Adept  
  64  5:45  Adept x2  
  76  5:54  Pylon  
  73  6:12  Adept x3  
  77  6:30  Adept  
  77  6:34  Adept x2  
  77  6:35  Adept  
  86  6:40  Carrier (Chrono Boost)  
  76  7:01  Carrier (Chrono Boost)  
  74  7:05  Adept x4  
  74  7:06  Probe x2  
  90  7:18  Probe  
  90  7:19  Pylon  
  91  7:23  Nexus  
  91  7:32  Adept  
  91  7:33  Probe  
  94  7:37  Stalker  
  94  7:38  Stalker  
  96  7:46  Adept  
  97  8:03  Probe x2  
  88  8:25  Adept x2  
  88  8:26  Adept x2  
  88  8:27  Probe x2  
  88  8:36  Probe  
  88  8:39  Probe x2  
  89  8:48  Probe  
  86  8:52  Stalker  
  86  8:53  Stalker x3  
  86  8:54  Probe x2  
Show
View Real Time Build Order
Export as new Build Order

Haffey Terran 

Build Orders: Reaper Expand 

Get SALT Encoding   

  12  0:01  SCV  
  13  0:13  SCV  
  14  0:18  Supply Depot  
  14  0:25  SCV  
  15  0:39  SCV  
  15  0:42  Barracks  
  16  0:45  Refinery  
  16  0:51  SCV  
  17  1:03  SCV  
  18  1:16  SCV  
  19  1:29  Orbital Command, Reaper  
  20  1:46  Command Center  
  20  1:54  SCV  
  20  2:00  Supply Depot  
  21  2:07  SCV  
  22  2:15  Marine  
  22  2:20  Factory  
  22  2:22  SCV  
  24  2:32  Refinery  
  24  2:34  SCV  
  24  2:35  Barracks Reactor  
  25  2:43  Bunker  
  25  2:46  SCV  
  25  2:58  SCV  
  25  3:00  Orbital Command  
  26  3:06  Hellion, Starport  
  26  3:10  SCV  
  29  3:14  Marine x2  
  31  3:23  SCV  
  31  3:26  SCV  
  33  3:28  Factory Tech Lab  
  33  3:31  Supply Depot  
  33  3:35  SCV  
  33  3:38  SCV  
  35  3:45  Marine x2  
  35  3:47  SCV  
  38  3:49  Barracks  
  38  3:50  SCV  
  41  3:58  Supply Depot, Factory Tech Lab  
  41  3:59  SCV  
  41  4:02  SCV  
  43  4:03  Raven  
  43  4:06  Marine x2  
  45  4:11  SCV  
  45  4:15  SCV  
  47  4:19  Refinery  
  47  4:21  Siege Tank  
  47  4:23  SCV  
  51  4:24  Barracks  
  51  4:25  Marine x2  
  51  4:29  SCV  
  54  4:35  Supply Depot, SCV  
  54  4:37  Engineering Bay  
  55  4:41  SCV  
  56  4:47  SCV, Marine x2  
  56  4:49  Supply Depot  
  56  4:52  Stimpack  
  59  4:53  SCV  
  59  4:55  Marauder  
  59  4:59  SCV  
  63  5:05  SCV  
  62  5:07  Siege Tank, Marine x2  
  62  5:11  SCV  
  62  5:12  Refinery  
  67  5:15  Starport Reactor  
  67  5:17  SCV  
  67  5:18  Barracks Tech Lab, Marine  
  69  5:25  Marine x2  
  69  5:28  Terran Infantry Weapons Level 1  
  71  5:38  Combat Shield, Marine x2  
  71  5:42  Command Center  
  73  5:48  Barracks  
  73  5:51  Barracks  
  73  5:58  Marine  
  73  5:59  Marine  
  73  6:00  Marine x2  
  77  6:04  Medivac  
  77  6:08  Supply Depot x2  
  78  6:12  Supply Depot  
  78  6:17  SCV  
  78  6:19  Armory  
  78  6:23  Marine, SCV  
  77  6:29  Medivac  
  79  6:36  SCV x2  
  81  6:41  Marine  
  81  6:42  Barracks Reactor x2  
  81  6:43  Siege Tank  
  83  6:49  SCV x2  
  74  6:54  Marine x2  
  74  6:55  Marine  
  74  6:56  Orbital Command  
  74  7:00  Marine  
  72  7:01  SCV x2  
  72  7:08  Medivac x2  
  78  7:12  Marine x2  
  78  7:13  SCV, Marine  
  82  7:18  Barracks, Marine  
  82  7:19  Barracks  
  82  7:21  SCV x2  
  85  7:25  SCV, Marine x2  
  85  7:26  Marine x2  
  90  7:30  Marine x2  
  90  7:31  Marine  
  90  7:33  SCV x2  
  90  7:36  Engineering Bay, Marine  
  96  7:39  Concussive Shells  
  96  7:47  SCV x2  
  95  7:56  Marine  
  95  7:57  Marine x6  
  93  8:04  Orbital Command, SCV x2  
  78  8:10  Marine  
  78  8:11  Marine x2  
  81  8:14  Marine x2  
  81  8:15  Marine  
  81  8:16  SCV  
  73  8:23  Marine x4  
  73  8:25  SCV  
  57  8:28  Marine x2, SCV  
  51  8:35  Marine x2  
  51  8:40  SCV  
Tags
 
Add a new tag
Caveats
  • Supply blocks, unpowered buildings, or Contaminate may cause inaccurate times.
  • Supply counts are checked every 10 seconds.